 Dungeon Crawl Stone Soup version 0.29.1-2-gbd0b4ee654 (webtiles) character file.

Game seed: 8151635392794768356

89 whiskeysaurus the Digger (level 4, -2/40 HPs)
             Began as a Troll Earth Elementalist on Nov 19, 2022.
             Slain by a gnoll
             ... wielding a +0 spear
              (4 damage)
             ... on level 2 of the Dungeon.
             The game lasted 00:03:27 (1250 turns).

whiskeysaurus the Digger (Troll Earth Elementalist) Turns: 1250, Time: 00:03:32

Health: -2/40      AC:  4    Str: 10 (11) XL:     4   Next: 31%
Magic:  5/5        EV: 10    Int: 11 (13) God:
Gold:   54         SH:  0    Dex:  9 (10) Spells: 5/6 levels left

rFire   . . .      SeeInvis +   h - +9 whip of Twilight {vorpal, rElec rC++ Str-5 SInv}
rCold   + + .      Faith    .   (no shield)
rNeg    . . .      Spirit   .   a - +0 robe
rPois   .          Reflect  .   (helmet restricted)
rElec   +          Harm     .   (no cloak)
rCorr   .          Rampage  .   (gloves unavailable)
Will    .....                   (boots unavailable)
Stlth   +.........              (no amulet)
HPRegen 0.93/turn               (no ring)
MPRegen 0.09/turn               (no ring)

@: mighty, lethally poisoned (-2 -> -2)
A: large, unfitting armour, claws 3, regeneration 1, shaggy fur 1, tough skin 1
a: no special abilities


You were on level 2 of the Dungeon.
You visited 1 branch of the dungeon, and saw 2 of its levels.

You collected 54 gold pieces.

Inventory:

Hand Weapons
 h - the +9 whip of Twilight (weapon) {vorpal, rElec rC++ Str-5 SInv}
   (You found it on level 2 of the Dungeon)

   It inflicts extra damage upon your enemies.
   Str:       It affects your strength (-5).
   rC:        It greatly protects you from cold.
   rElec:     It insulates you from electricity.
   SInv:      It lets you see invisible.
Armour
 a - a +0 robe (worn)
Jewellery
 c - an amulet of regeneration
Scrolls
 d - 2 scrolls of magic mapping {unknown}
 g - a scroll of identify {unknown}
 i - a scroll of vulnerability {unknown}
 j - a scroll of fear {unknown}
Potions
 b - 2 potions of magic


   Skills:
 + Level 0.6 Fighting
 * Level 0.3 Maces & Flails
 + Level 2.0 Dodging
 + Level 1.4 Stealth
 - Level 1.0 Unarmed Combat
 + Level 1.5 Spellcasting
 - Level 1.1 Transmutations
 + Level 3.1 Earth Magic


You had 5 spell levels left.
You knew the following spells:

 Your Spells              Type           Power      Damage    Failure   Level
a - Sandblast             Erth           14%        2d6       9%          1

Your spell library contained the following spells:

 Spells                   Type           Power      Damage    Failure   Level
 Passwall                 Tmut/Erth      4%         N/A       19%         2
 Stone Arrow              Conj/Erth      8%         3d7       43%         3
 Petrify                  Tmut/Erth      5%         N/A       77%         4


Dungeon Overview and Level Annotations

Branches:
Dungeon (2/15)

Altars:


Innate Abilities, Weirdness & Mutations

You are too large for most types of armour.
You have claws for hands.
Your natural rate of healing is unusually fast.
You are covered in fur. (AC +1)
You have tough skin. (AC +1)


Message History

The gnoll is severely wounded.
You feel very sick.
You hear an angry hiss. x2
A ball python comes into view.
The gnoll completely misses you. The gnoll barely misses you.
You whack the gnoll!
You kill the gnoll!
You feel very sick. The gnoll hits you with a +0 spear.
A frilled lizard comes into view.
You are too injured to fight recklessly!
You are too injured to fight recklessly!
You hit the kobold.
The kobold is severely wounded.
You feel sick. The gnoll hits you with a +0 spear.
The kobold hits you but does no damage. The gnoll hits you with a +0 club.
* * * LOW HITPOINT WARNING * * *
You hit the kobold.
You kill the kobold!
You feel sick. The gnoll hits you with a +0 club.
* * * LOW HITPOINT WARNING * * *
The gnoll closely misses you.
You whack the gnoll!
The gnoll is severely wounded.
You feel sick. The gnoll hits you with a +0 club.
* * * LOW HITPOINT WARNING * * *
The gnoll hits you with a +0 spear.
* * * LOW HITPOINT WARNING * * *
It was a potion of might.
You feel very mighty all of a sudden.
You feel sick. The gnoll barely misses you. The gnoll misses you.
The ball python bites you but does no damage.
It was a potion of degeneration.
There was something very wrong with that liquid.
You feel weakened.
You feel dopey.
You feel clumsy.
You feel sick. The ball python closely misses you.
The gnoll hits you with a +0 club.
* * * LOW HITPOINT WARNING * * *
The gnoll hits you with a +0 spear.
You die...

.####.##..........#
...##.##..........#
##.##.##..........#
##................#
.^..).............#####.
.....†......###.........
....).......# #.........
............# #.........
............# #.@g......
............# ##Sg......
............# #l.......
............# '........
............ #....)...
#........ #........
#........


You could see 2 gnolls, a ball python and a frilled lizard.

Vanquished Creatures
  2 gnolls
  2 adders (D:2)
  7 ball pythons
  3 endoplasms (D:1)
  4 giant cockroaches
  5 goblins
  3 hobgoblins
  6 jackals (D:1)
  5 kobolds
  5 bats (D:1)
  7 frilled lizards
  4 rats
53 creatures vanquished.

Notes
Turn   | Place    | Note
-------+----------+-------------------------------------------
     0 | D:1      | whiskeysaurus the Troll Earth Elementalist began the quest
                  | for the Orb.
     0 | D:1      | Reached XP level 1. HP: 16/16 MP: 1/1
    35 | D:1      | Reached XP level 2. HP: 23/24 MP: 3/3
   119 | D:1      | Reached skill level 1 in Transmutations
   310 | D:1      | Reached XP level 3. HP: 31/31 MP: 2/4
   345 | D:1      | Found a faded altar of an unknown god.
   384 | D:1      | Reached skill level 3 in Earth Magic
  1137 | D:2      | Identified the +9 whip of Twilight {vorpal, rElec rC++
                  | Str-5 SInv}
  1162 | D:2      | Reached skill level 1 in Unarmed Combat
  1162 | D:2      | Reached XP level 4. HP: 35/40 MP: 5/5
  1250 | D:2      | HP: 2/40 [gnoll/+0 club (1)]
  1250 | D:2      | Slain by a gnoll

Illustrated notes

Levels and vault maps discovered:
D:1:      saegor_arrival_simple_c, layout_loops_corners,
          shapermc_ecumenical_altar_ellora, st_stairs_9, minmay_misc_feat_rows,
          chequers_serial_rivers_large_a
D:2:      layout_basic, uniq_terence

Skill      XL: |  1  2  3 |
---------------+----------+-----
Transmutations | 1 |  1.1
Earth Magic    | 3 |  3.1
Dodging        | 2 |  2.0
Unarmed Combat | 1 |  1.0
Fighting       | |  0.6
Maces & Flails | |  0.3
Stealth        | |  1.4
Spellcasting   | |  1.5

Action                   |  1- 3 |  4- 6 || total
-------------------------+-------+-------++-------
Melee: Unarmed           |   159 |       ||   159
       Punch             |     1 |       ||     1
       Whip              |       |    16 ||    16
 Cast: Sandblast         |     6 |       ||     6
  Use: Potion            |       |     2 ||     2
 Stab: Sleeping          |     2 |       ||     2
Armor: Robe              |    70 |     4 ||    74
Dodge: Dodged            |    99 |    10 ||   109
